 Dungeon Crawl Stone Soup version 0.20.2-3-g29329e0561 (webtiles) character file.

67 Alfie the Skirmisher (level 4, -2/41 HPs)
             Began as a Minotaur Fighter on Oct 28, 2020.
             Slain by Sigmund
             ... wielding a +0 scythe
              (10 damage)
             ... on level 3 of the Dungeon.
             The game lasted 00:02:55 (1232 turns).

Alfie the Skirmisher (Minotaur Fighter)             Turns: 1232, Time: 00:02:56

Health: -2/41      AC:  9    Str: 27    XL:     4   Next: 0%
Magic:  3/3        EV:  8    Int:  5    God:
Gold:   117        SH: 10    Dex:  9    Spells: 3/3 levels left

rFire    . . .     SeeInvis .   a - +0 long sword
rCold    . . .     Gourm    .   c - +0 shield
rNeg     . . .     Faith    .   b - +0 scale mail
rPois    .         Spirit   .   (helmet restricted)
rElec    .         Reflect  .   (no cloak)
rCorr    .         Harm     .   l - +0 pair of gloves
MR       .....                  (no boots)
Stlth    ..........             (no amulet)
Regen    0.2/turn               j - +1 ring of protection
MPRegen  0.1/turn               (no ring)

@: mighty
A: retaliatory headbutt, horns 2
a: no special abilities


You were on level 3 of the Dungeon.
You were not hungry.

You visited 1 branch of the dungeon, and saw 3 of its levels.

You collected 117 gold pieces.

Inventory:

Hand Weapons
 a - a +0 long sword (weapon)
Armour
 b - a +0 scale mail (worn)
 c - a +0 shield (worn)
 l - a +0 pair of gloves (worn)
Jewellery
 j - a +1 ring of protection (left hand)
Scrolls
 e - 3 scrolls of remove curse
 n - a scroll of fog
Potions
 g - a potion of agility {unknown}
 h - a potion of magic {unknown}
 m - 2 potions of resistance {unknown}
Books
 k - a book of Misfortune

   Spells                             Type                      Level
   a - Confusing Touch                Hexes                        1
   b - Confuse                        Hexes                        3
   c - Gell's Gravitas                Translocation                3
   d - Petrify                        Transmutation/Earth          4
   e - Metabolic Englaciation         Hexes/Ice                    5
   f - Yara's Violent Unravelling     Hexes/Transmutation          5
Comestibles
 f - 2 bread rations
 i - a meat ration


   Skills:
 + Level 4.4 Fighting
 + Level 3.0 Long Blades
 + Level 4.1 Armour
 + Level 0.7 Dodging
 + Level 4.3 Shields


You had 3 spell levels left.
You didn't know any spells.

Dungeon Overview and Level Annotations

Branches:
Dungeon (3/15)

Altars:

Annotations:
D:3 Sigmund


Innate Abilities, Weirdness & Mutations

You reflexively headbutt those who attack you in melee.
You have a pair of horns on your head.


Message History

You feel very mighty all of a sudden.
Sigmund casts a spell.
Sigmund flickers and vanishes!
Deactivating autopickup; reactivate with Ctrl-A.
Something hits you.
Found a stone staircase leading down.
Your shield and scale mail prevent you from hitting something.
Something hits you. Something hits you.
You barely miss something. Your headbutt misses something. Something hits you!
A magic dart appears from out of thin air!
The magic dart hits you! You block something's attack. Something hits you!
* * * LOW HITPOINT WARNING * * *
You barely miss something. You headbutt something!! Something hits you.
* * * LOW HITPOINT WARNING * * *
You miss something. Something hits you but does no damage.
You miss something. Your headbutt misses something. Something hits you!
You die...

#........###.#
#####.#.#...#
##.##.#..####
#.###......<#
##.####..##.#
##.###..#
##<#...#
####....##.
#@.........#
#{##.#.##..#
#.##....#..#
..............#
.#
#######.......#
.# #.(##.#.#
#.!# .#.# #..#
## # #..#


There were no monsters in sight!

Vanquished Creatures
  3 adders (D:2)
  A dart slug (D:2)
  A leopard gecko (D:1)
  4 bats
  8 goblins
  3 hobgoblins (D:1)
  6 jackals (D:2)
  A ball python (D:2)
  A frilled lizard (D:2)
  4 kobolds (D:1)
  4 rats (D:2)
36 creatures vanquished.

Notes
Turn   | Place    | Note
-------+----------+-------------------------------------------
     0 | D:1      | Alfie the Minotaur Fighter began the quest for the Orb.
     0 | D:1      | Reached XP level 1. HP: 19/19 MP: 0/0
   217 | D:1      | Reached XP level 2. HP: 27/27 MP: 1/1
   807 | D:2      | Reached XP level 3. HP: 30/33 MP: 2/2
  1133 | D:2      | Reached XP level 4. HP: 40/41 MP: 3/3
  1213 | D:3      | Noticed Sigmund
  1232 | D:3      | Slain by Sigmund

Skill      XL: |  1  2  3 |
---------------+----------+-----
Fighting       | 4 |  4.4
Shields        | 4 |  4.3
Armour         | 4 |  4.1
Long Blades    | 3 |  3.0
Dodging        | |  0.7

Action                   |  1- 3 |  4- 6 || total
-------------------------+-------+-------++-------
Melee: Long sword        |    83 |     5 ||    88
       Headbutt          |    15 |     1 ||    16
  Use: Scroll            |     4 |       ||     4
       Potion            |       |     1 ||     1
  Eat: Royal jelly       |       |     1 ||     1
Armor: Scale mail        |    43 |       ||    43
Dodge: Dodged            |    20 |       ||    20
Block: Shield            |    45 |     1 ||    46
       Rpst.: Long sword |     4 |       ||     4
